 Dungeon Crawl Stone Soup version 0.17.1-3-g152610e (webtiles) character file.

150 Alarkh the Chopper (level 5, 0/38 HPs)
             Began as a Mummy Skald on Apr 17, 2016.
             Slain by a hobgoblin
             ... wielding a +0 club
              (4 damage)
             ... on level 3 of the Dungeon.
             The game lasted 00:04:41 (2923 turns).

Alarkh the Chopper (Mummy Skald)                    Turns: 2923, Time: 00:04:42

Health: 0/38       AC:  4    Str: 16    XL:     5   Next: 10%
Magic:  4/8        EV:  6    Int: 12    God:
Gold:   88         SH:  0    Dex: 11    Spells: 3 memorised, 3 levels left

rFire  . . .     SeeInvis .     a - +0 hand axe
rCold  + . .     Clarity  .     i - +1 robe {rF+}
rNeg   + + +     SustAt   .     (no shield)
rPois  ∞         Gourm    .     (no helmet)
rElec  .         Spirit   .     (no cloak)
rCorr  .         Warding  .     h - +0 pair of gloves (curse)
rMut   .         Stasis   .     (no boots)
MR     .....                    (no amulet)
Stlth  +.........               (no ring)
                                (no ring)

@: not resistant to hostile enchantments, very unstealthy
A: no food or potions, fire vulnerability, cold resistance 1, negative energy
resistance 3, torment resistance, unbreathing
a: no special abilities


You were on level 3 of the Dungeon.
You were not hungry.

You visited 1 branch of the dungeon, and saw 3 of its levels.

You collected 88 gold pieces.

Inventory:

Hand Weapons
 a - a +0 hand axe (weapon)
Armour
 b - a +0 leather armour
 h - a cursed +0 pair of gloves (worn)
 i - a +1 robe of fire resistance (worn)
Scrolls
 d - a scroll of random uselessness
 e - a scroll of fog
 f - a scroll of noise
 g - a scroll of fear
 j - a scroll of remove curse {unknown}
 k - a scroll of magic mapping {unknown}
Books
 c - a book of Battle

   Spells                             Type                      Level
   a - Infusion                       Charms                       1
   b - Shroud of Golubria             Charms/Translocation         2
   c - Song of Slaying                Charms                       2
   d - Spectral Weapon                Hexes/Charms                 3
   e - Regeneration                   Charms/Necromancy            3


   Skills:
 - Level 2.0 Fighting
 + Level 4.4 Axes
 - Level 0.7 Armour
 - Level 0.7 Dodging
 - Level 2.0 Spellcasting
 - Level 2.4 Charms


You had 3 spell levels left.
You knew the following spells:

 Your Spells              Type           Power        Failure   Level  Hunger
a - Infusion              Chrm           #.....       12%         1    N/A
b - Song of Slaying       Chrm           #.......     17%         2    N/A
c - Shroud of Golubria    Chrm/Tloc      #.........   28%         2    N/A

Dungeon Overview and Level Annotations

Branches:
Dungeon (3/15)

Altars:
Cheibriados
Nemelex Xobeh
Trog

Annotations:
D:3 Stendarr's ghost, amateur TrFE


Innate Abilities, Weirdness & Mutations

You do not eat or drink.
Your flesh is vulnerable to fire.
You are immune to poison.
Your flesh is cold resistant.
You are immune to negative energy.
You are immune to unholy pain and torment.
You can survive without breathing.


Message History

* * * LOW HITPOINT WARNING * * *
You miss something. Something hits you.
* * * LOW HITPOINT WARNING * * *
You closely miss something. Something hits you.
* * * LOW HITPOINT WARNING * * *
You closely miss something. Something hits you.
* * * LOW HITPOINT WARNING * * *
The rat twitches its whiskers.
You miss something. Something hits you but does no damage.
You slash something!
Reactivating autopickup.
You have reached level 5!
You feel stronger.
You feel a bit more experienced.
Stendarr's ghost turns its malevolent gaze towards you.
The rat bites you but does no damage. The hobgoblin closely misses you.
There is a stone staircase leading up here.
The hobgoblin hits you with a club.
You die...

.........#........##..#.#.##..##
#####(.......####.....#.#....r###
###<†.%...####.###%.....#....#
##...........#..# ###...#####.#
##.....#........## #....# #..
#...............######..#.#####.
##.....................(##....###
........###.........###....##..##
#########.......@.....#.....##...
# #..>...#)g###.......##### #
#.....###.rW..#....## #
#.....#...###o..#### #
#.........# ##### # #..)...[..# #
#.........# #.....#...#
#######...#


You could see Stendarr's ghost, a hobgoblin and a rat.

Vanquished Creatures
  An orc wizard (D:3)
  2 adders
  2 oozes
  5 worms
  2 giant geckos
  An orc (D:3)
  3 ball pythons
  11 bats
  6 giant cockroaches
  5 hobgoblins
  6 jackals
  5 giant newts
  7 goblins
  12 kobolds
  13 rats
  A plant (D:2)
82 creatures vanquished.

Vanquished Creatures (others)
  A plant (D:2)
1 creature vanquished.

Grand Total: 83 creatures vanquished

Notes
Turn   | Place    | Note
--------------------------------------------------------------
     0 | D:1      | Alarkh the Mummy Skald began the quest for the Orb.
     0 | D:1      | Reached XP level 1. HP: 16/16 MP: 3/3
   566 | D:1      | Reached XP level 2. HP: 20/22 MP: 0/5
   909 | D:1      | Reached XP level 3. HP: 20/27 MP: 0/6
   989 | D:1      | Learned a level 2 spell: Song of Slaying
   992 | D:1      | Learned a level 2 spell: Shroud of Golubria
  1031 | D:2      | Reached skill level 3 in Axes
  1642 | D:2      | Found a bloodstained altar of Trog.
  1646 | D:2      | Found a snail-covered altar of Cheibriados.
  1664 | D:2      | Reached XP level 4. HP: 33/33 MP: 3/7
  1859 | D:2      | Found a sparkling altar of Nemelex Xobeh.
  2636 | D:3      | Noticed Stendarr's ghost (amateur TrFE)
  2711 | D:3      | Reached skill level 4 in Axes
  2900 | D:3      | HP: 1/33 [something (3)]
  2902 | D:3      | Reached XP level 5. HP: 1/38 MP: 1/8
  2923 | D:3      | Slain by a hobgoblin

Action                   |  1- 3 |  4- 6 || total
-------------------------+-------+-------++-------
Melee: Hand axe          |   235 |   132 ||   367
 Cast: Infusion          |    29 |    17 ||    46
  Use: Scroll            |     4 |       ||     4
